 Dungeon Crawl Stone Soup version 0.28.0-53-g5a82cb258f (webtiles) character file.

Game seed: 16173833705596763076

126 Peloso the Skirmisher (level 4, -2/41 HPs)
             Began as a Minotaur Fighter on July 27, 2022.
             Killed from afar by an orc wizard (9 damage)
             ... with a magic dart
             ... on level 3 of the Dungeon.
             The game lasted 00:03:25 (2033 turns).

Peloso the Skirmisher (Minotaur Fighter)            Turns: 2033, Time: 00:03:26

Health: -2/41      AC:  8    Str: 20    XL:     4   Next: 84%
Magic:  3/3        EV:  9    Int:  5    God:
Gold:   96         SH:  5    Dex: 12    Spells: 3/3 levels left

rFire   . . .      SeeInvis .   a - +0 long sword
rCold   . . .      Faith    .   c - +0 buckler
rNeg    . . .      Spirit   .   b - +0 scale mail
rPois   .          Reflect  .   (helmet restricted)
rElec   .          Harm     .   (no cloak)
rCorr   .          Rampage  .   f - +0 pair of gloves
Will    .....                   (no boots)
Stlth   ..........              (no amulet)
HPRegen 0.13/turn               (no ring)
MPRegen 0.08/turn               (no ring)

@: no status effects
A: horns 2, retaliatory headbutt
a: no special abilities


You were on level 3 of the Dungeon.
You visited 1 branch of the dungeon, and saw 3 of its levels.

You collected 96 gold pieces.

Inventory:

Hand Weapons
 a - a +0 long sword (weapon)
Armour
 b - a +0 scale mail (worn)
 c - a +0 buckler (worn)
 f - a +0 pair of gloves (worn)
Scrolls
 h - a scroll of silence {unknown}
 i - a scroll of identify {unknown}
 j - a scroll of teleportation {unknown}
 m - a scroll of immolation {unknown}
 o - a scroll of fear {unknown}
Potions
 d - a potion of might
 e - a potion of attraction {unknown}
 g - a potion of heal wounds
 k - 2 potions of flight {unknown}
 l - 3 potions of degeneration {unknown}
 n - a potion of curing {unknown}


   Skills:
 + Level 4.4 Fighting
 + Level 4.4 Long Blades
 + Level 4.1 Armour
 + Level 0.5 Dodging
 + Level 4.4 Shields


You had 3 spell levels left.
You didn't know any spells.
Your spell library was empty.

Dungeon Overview and Level Annotations

Branches:
Dungeon (3/15)

Altars:


Innate Abilities, Weirdness & Mutations

You have a pair of horns on your head.
You reflexively headbutt those who attack you in melee.


Message History

You hear a shout!
You miss the orc wizard. Your headbutt misses the orc wizard.
The orc wizard is moderately wounded.
The orc wizard casts a spell at you. The puff of flame hits you!
* * * LOW HITPOINT WARNING * * *
The orc wizard hits you but does no damage.
You barely miss the orc wizard. You headbutt the orc wizard!
The orc wizard is almost dead.
The orc wizard hits you but does no damage.
It was a potion of heal wounds.
You feel much better. The orc wizard casts a spell at you.
The magic dart hits you.
An orc comes into view. It is wielding a +0 falchion.
The orc priest mumbles some strange prayers to Beogh against you.
Beogh smites you!
You hit the orc wizard but do no damage.
The orc wizard is almost dead.
The orc wizard closely misses you.
You barely miss the orc wizard.
The orc wizard is almost dead.
The orc priest looks encouraged for a moment.
The orc wizard mumbles some strange words.
The orc wizard flickers and vanishes!
Deactivating autopickup; reactivate with Ctrl-A.
You barely miss something. You hit the orc.
The orc is lightly wounded.
The orc priest looks satisfied for a moment.
The orc hits you but does no damage.
You hear a bark!
You closely miss the orc.
The orc is lightly wounded.
The orc hits you with a +0 falchion.
* * * LOW HITPOINT WARNING * * *
You slash the orc!
You kill the orc!
A magic dart appears from out of thin air!
The magic dart hits you!
You die...

...<... #.......#
#.......#
#.......#
#.......#
#.......#
##o#####.......#
#.o{)@.........+
#########.......#
#<.....##.......#
######........###
#........#
#........# ##
#........######...
#.#...............
#.#.###.......#.#


You could see an orc priest and an orc.

Vanquished Creatures
  7 adders
  2 worms (D:2)
  A dart slug (D:1)
  An orc (D:3)
  3 endoplasms
  2 giant cockroaches
  6 goblins
  9 hobgoblins
  2 jackals (D:1)
  A quokka (D:2)
  8 ball pythons
  4 bats (D:1)
  A frilled lizard (D:2)
  6 kobolds
  5 rats
58 creatures vanquished.

Notes
Turn   | Place    | Note
-------+----------+-------------------------------------------
     0 | D:1      | Peloso the Minotaur Fighter began the quest for the Orb.
     0 | D:1      | Reached XP level 1. HP: 19/19 MP: 0/0
   244 | D:1      | Reached XP level 2. HP: 24/27 MP: 1/1
   669 | D:1      | Found a faded altar of an unknown god.
   817 | D:1      | Reached XP level 3. HP: 33/33 MP: 2/2
  1425 | D:2      | Reached XP level 4. HP: 41/41 MP: 3/3
  2025 | D:3      | HP: 2/41 [orc wizard/puff of flame (7)]
  2033 | D:3      | Killed from afar by an orc wizard

Illustrated notes

Levels and vault maps discovered:
D:1:      co_arrival_square_in_a_square_in_a_square, layout_loops_ring,
          shapermc_ecumenical_altar_gd
D:2:      layout_basic, minmay_snake_closets
D:3:      layout_basic

Skill      XL: |  1  2  3  4 |
---------------+-------------+-----
Fighting       | 4 |  4.4
Shields        | 4 |  4.4
Long Blades    | 3 4 |  4.4
Armour         | 4 |  4.1
Dodging        | |  0.5

Action                   |  1- 3 |  4- 6 || total
-------------------------+-------+-------++-------
Melee: Long sword        |    75 |    40 ||   115
       Headbutt          |    10 |     7 ||    17
  Use: Potion            |       |     1 ||     1
Armor: Scale mail        |    40 |    17 ||    57
Dodge: Dodged            |    45 |    12 ||    57
Block: Buckler           |    20 |     5 ||    25
